 Dungeon Crawl Stone Soup version 0.19-a0-1457-g32fba05 (webtiles) character file.

42 Leszczynek the Chopper (level 3, -1/26 HPs)
             Began as a Hill Orc Wanderer on Sept 6, 2016.
             Slain by a kobold
             ... wielding a +0 dagger
              (4 damage)
             ... on level 2 of the Dungeon.
             The game lasted 00:03:38 (1342 turns).

Leszczynek the Chopper (Hill Orc Wanderer)          Turns: 1342, Time: 00:03:38

Health: -1/26      AC:  5    Str: 13    XL:     3   Next: 54%
Magic:  4/4        EV: 10    Int: 19    God:
Gold:   75         SH:  0    Dex: 10    Spells: 1 memorised, 3 levels left

rFire  . . .     SeeInvis +     b - +0 quarterstaff
rCold  . . .     Gourm    .     h - +0 ring mail
rNeg   . . .     Faith    .     (shield currently unavailable)
rPois  .         Spirit   .     (no helmet)
rElec  .         Dismiss  .     (no cloak)
rCorr  +         Reflect  .     (no gloves)
MR     .....     Harm     .     (no boots)
Stlth  +.........               (no amulet)
                                n - ring of resist corrosion
                                p - ring of see invisible

@: brilliant
A: no striking features
a: no special abilities


You were on level 2 of the Dungeon.
You were not hungry.

You visited 1 branch of the dungeon, and saw 2 of its levels.

You collected 75 gold pieces.

Inventory:

Hand Weapons
 b - a +0 quarterstaff (weapon)
 e - a +0 hand axe
Armour
 h - a +0 ring mail (worn)
Jewellery
 n - a ring of resist corrosion (right hand)
 p - a ring of see invisible (left hand)
Wands
 c - a wand of random effects (10/48)
Scrolls
 i - a scroll of magic mapping {unknown}
 k - 3 scrolls of teleportation {unknown}
 l - a scroll of enchant armour {unknown}
 m - 2 scrolls of remove curse {unknown}
Potions
 g - a potion of cure mutation {unknown}
 j - a potion of might {unknown}
 o - 2 potions of brilliance
 q - a potion of lignification {unknown}
Books
 a - a book of Battle

   Spells                             Type                      Level
   a - Infusion                       Charms                       1
   b - Shroud of Golubria             Charms/Translocation         2
   c - Song of Slaying                Charms                       2
   d - Spectral Weapon                Hexes/Charms                 3
   e - Regeneration                   Charms/Necromancy            3
Comestibles
 d - a meat ration
 f - a bread ration
 r - 4 chunks of flesh


   Skills:
   Level 1.0 Short Blades
 + Level 4.0 Axes
 - Level 1.0 Dodging
 - Level 1.0 Stealth
 - Level 1.0 Spellcasting
 - Level 3.6 Charms
 - Level 2.0 Evocations


You had 3 spell levels left.
You knew the following spells:

 Your Spells              Type           Power        Failure   Level  Hunger
a - Infusion              Chrm           ####         1%          1    ##.....


Dungeon Overview and Level Annotations

Branches:
Dungeon (2/15)

Altars:
Sif Muna


Message History

The kobold barely misses you.
You barely miss the kobold. The kobold hits you with a dagger.
You hit the kobold.
The kobold is severely wounded.
The kobold hits you but does no damage.
You hit the kobold but do no damage.
The kobold is severely wounded.
The kobold closely misses you.
You closely miss the kobold.
The kobold is severely wounded.
The kobold hits you but does no damage. The kobold misses you.
You closely miss the kobold.
The kobold is severely wounded.
The kobold hits you with a dagger.
* * * LOW HITPOINT WARNING * * *
Found a stone staircase leading down.
It was a potion of brilliance.
You feel clever all of a sudden. The kobold hits you with a dagger.
You die...

#.........#
#........r# ###
#.........# #..
#.........# #.# #
#.........# #.# #>#.
#.........###.##.....
#......$.........#
#.........###r####.#
########### #.K@...#
########


You could see a kobold and a rat.

Vanquished Creatures
  An adder (D:2)
  2 worms (D:2)
  A dart slug (D:1)
  A giant gecko (D:1)
  2 goblins (D:1)
  2 hobgoblins
  4 kobolds
  7 bats
  2 giant newts
  4 rats (D:1)
26 creatures vanquished.

Notes
Turn   | Place    | Note
-------+----------+-------------------------------------------
     0 | D:1      | Leszczynek the Hill Orc Wanderer began the quest for the Orb.
     0 | D:1      | Leszczynek set off with: a book of Battle, a +0 quarterstaff, a wand of random effects (15/48), a +0 robe, a bread ration
     0 | D:1      | Reached XP level 1. HP: 14/14 MP: 2/2
     0 | D:1      | ah, worms have 12 damage, not 10
     0 | D:1      | okay
     0 | D:1      | so it basically got the biggest possible roll, cool
     2 | D:1      | Learned a level 1 spell: Infusion
   176 | D:1      | Reached skill level 1 in Axes
   267 | D:1      | Reached skill level 2 in Axes
   267 | D:1      | Reached XP level 2. HP: 16/20 MP: 3/3
   491 | D:1      | Reached skill level 3 in Axes
  1003 | D:2      | Reached XP level 3. HP: 15/26 MP: 4/4
  1253 | D:2      | Reached skill level 4 in Axes
  1262 | D:2      | Found a deep blue altar of Sif Muna.
  1342 | D:2      | Slain by a kobold

Vault maps used:
D:1:      mrwooster_arrival_statue, hangedman_decor_slide_cut,
          kennysheep_another_room
D:2:      led_sif_pool

Skill      XL: |  1  2  3 |
---------------+----------+-----
Axes           | 2 3 4 |  4.0
Short Blades   | |  1.0
Dodging        | |  1.0
Stealth        | |  1.0
Spellcasting   | |  1.0
Charms         | |  3.6
Evocations     | |  2.0

Action                   || total
-------------------------++-------
Melee: Quarterstaff      ||    79
Evoke: Wand              ||     5
  Use: Potion            ||     1
 Stab: Sleeping          ||     1
  Eat: Chunk             ||     1
Armor: Ring mail         ||    41
       Robe              ||     1
Dodge: Dodged            ||    49
